 Dungeon Crawl Stone Soup version 0.28.0-45-g0d030f2227 (webtiles) character file.

Game seed: 1305658980477154720

2025 pkoi the Conjurer (level 8, -1/62 HPs)
             Began as a Demigod Conjurer on Apr 18, 2022.
             Slain by a killer bee (7 damage)
             ... on level 7 of the Dungeon.
             The game lasted 00:10:07 (10579 turns).

pkoi the Conjurer (Demigod Conjurer)               Turns: 10579, Time: 00:10:07

Health: -1/62      AC:  4    Str:  8    XL:     8   Next: 73%
Magic:  27/27      EV: 13    Int: 28    God:
Gold:   658        SH:  0    Dex: 18    Spells: 4/15 levels left

rFire   . . .      SeeInvis .   f - +1 whip (elec)
rCold   . . .      Faith    .   (no shield)
rNeg    . . .      Spirit   .   a - +1 robe
rPois   .          Reflect  .   (no helmet)
rElec   .          Harm     .   o - +0 cloak
rCorr   .          Rampage  .   (no gloves)
Will    .....                   (no boots)
Stlth   +.........              (no amulet)
HPRegen 0.20/turn               w - +6 ring of dexterity
MPRegen 0.20/turn               y - ring of magical power

@: brilliant, silenced (expiring)
A: high MP 1, forlorn, divine attributes
a: no special abilities


You were on level 7 of the Dungeon.
You visited 1 branch of the dungeon, and saw 7 of its levels.
You also visited: Ossuary.

You collected 658 gold pieces.

Inventory:

Hand Weapons
 f - a +1 whip of electrocution (weapon)
Missiles
 l - 10 javelins
 p - 4 boomerangs of dispersal
Armour
 a - a +1 robe (worn)
 o - a +0 cloak (worn)
Magical Staves
 h - a staff of cold
Jewellery
 w - a +6 ring of dexterity (left hand)
 x - a ring of fire
 y - a ring of magical power (right hand)
Wands
 b - a wand of iceblast (4)
 v - a wand of flame (12)
Scrolls
 i - a scroll of magic mapping
 q - a scroll of fog
 u - a scroll of enchant armour
 z - a scroll of noise {unknown}
Potions
 d - 2 potions of cancellation {unknown}
 g - 2 potions of haste {unknown}
 j - 2 potions of might {unknown}
 k - a potion of degeneration {unknown}
 m - a potion of flight
 n - a potion of lignification {unknown}
 s - 3 potions of attraction {unknown}
 t - a potion of resistance {unknown}


   Skills:
 + Level 2.8 Fighting
 + Level 3.5 Dodging
 - Level 1.7 Stealth
 + Level 4.4 Spellcasting
 + Level 6.9 Conjurations
 * Level 4.4 Hexes
 * Level 4.3 Translocations


You had 4 spell levels left.
You knew the following spells:

 Your Spells              Type           Power      Damage    Failure   Level
a - Magic Dart            Conj           100%       1d8       1%          1
b - Searing Ray           Conj           100%       2d8       1%          2
c - Iskenderun's Mystic   Conj/Tloc      54%        2d12      7%          4
d - Fulminant Prism       Conj/Hex       27%        3d14      7%          4

Your spell library contained the following spells:

 Spells                   Type           Power      Damage    Failure   Level
 Dazzling Flash           Conj/Hex       100%       N/A       1%          3
 Tukima's Dance           Hex            46%        N/A       3%          3
 Passage of Golubria      Tloc           45%        N/A       12%         4
 Iskenderun's Battlesphe  Conj           61%        2d11      11%         5
 Fireball                 Conj/Fire      19%        3d9       43%         5
 Yara's Violent Unravell  Hex/Tmut       13%        3d7       63%         5
 Conjure Ball Lightning   Conj/Air       19%        3x3d6     95%         6
 Orb of Destruction       Conj           30%        9d10      98%         7


Dungeon Overview and Level Annotations

Branches:
Dungeon (7/15)             Temple (0/1) D:4         Ossuary (visited)

Shops:
D:6 :

Annotations:
D:5 3 runed translucent doors, Ninjinzu's ghost, novice DsAK


Innate Abilities, Weirdness & Mutations

You have an increased reservoir of magic. (+10% MP)
You shall have no god before yourself.
Your divine heritage dramatically boosts your attributes as you level up.


Message History

Unknown command.
You feel sick. The killer bee closely misses you. The killer bee stings you.
* * * LOW HITPOINT WARNING * * *
The killer bee stings you.
* * * LOW HITPOINT WARNING * * *
You feel sick. The killer bee stings you.
* * * LOW HITPOINT WARNING * * *
The killer bee barely misses you. x2
You feel sick. The killer bee closely misses you. The killer bee stings you.
* * * LOW HITPOINT WARNING * * *
You are more poisoned.
The killer bee poisons you!
You feel very sick.
The killer bee barely misses you. x2; The killer bee stings you!
* * * LOW HITPOINT WARNING * * *
* * * LOW HITPOINT WARNING * * *
You feel sick. The killer bee barely misses you. The killer bee misses you.
The killer bee barely misses you.
You feel better. The killer bee stings you.
* * * LOW HITPOINT WARNING * * *
The killer bee barely misses you. x2; The killer bee closely misses you. x2
The killer bee stings you.
* * * LOW HITPOINT WARNING * * *
The killer bee misses you. x2
The killer bee stings you but does no damage.
The killer bee closely misses you.
The killer bee stings you but does no damage.
You cannot cast spells when silenced!
Aiming: Throw Flame
Press: ? - help, Shift-Dir - straight line, f - killer bee
Aim: a killer bee (39% to hit)
The puff of flame hits the killer bee!
The killer bee is moderately wounded.
The killer bee closely misses you. The killer bee stings you.
* * * LOW HITPOINT WARNING * * *
Unknown command.
It was a potion of brilliance.
You feel clever all of a sudden. The killer bee stings you!
You die...

## ##.### ## #....# ....
#....## #.....
##..##....# ###.......
.......@## #.........##
.......#y####...........
......##yy#...........##
...... #y..<............
..... ###..........##.#
..... #.............#.#
.... ##..#............
.... ....##........##..
.#... #.......#....


You could see 4 killer bees.

Vanquished Creatures
  Menkaure (D:6)
  A water moccasin (D:6)
  An ice beast (D:5)
  A necrophage (D:6)
  A centaur (D:6)
  Blork the orc (D:6)
  2 scorpions
  A bullfrog (D:6)
  A wyvern skeleton (D:5)
  2 killer bees
  3 centaur zombies
  A bullfrog zombie (D:5)
  2 orc priests
  5 hounds
  A jelly (D:6)
  2 bullfrog skeletons
  A centaur skeleton (D:5)
  2 iguanas (D:6)
  4 orc wizards
  2 mummies (Ossuary)
  8 adders
  4 gnolls (D:2)
  A shadow imp (D:6)
  An ufetubus (D:5)
  An adder skeleton (D:4)
  A worm (D:4)
  A dart slug (D:2)
  18 orcs
  6 endoplasms
  7 giant cockroaches
  10 goblins
  5 hobgoblins
  2 jackals (D:1)
  2 quokkas
  5 ball pythons
  5 bats
  2 frilled lizards
  5 gnoll zombies (Ossuary)
  3 goblin zombies (Ossuary)
  A hobgoblin zombie (Ossuary)
  4 kobolds
  4 orc zombies (Ossuary)
  7 rats
138 creatures vanquished.

Vanquished Creatures (others)
  A kobold (D:4)
1 creature vanquished.

Grand Total: 139 creatures vanquished

Notes
Turn   | Place    | Note
-------+----------+-------------------------------------------
     0 | D:1      | pkoi the Demigod Conjurer began the quest for the Orb.
     0 | D:1      | Reached XP level 1. HP: 14/14 MP: 5/5
     2 | D:1      | You fall into a shaft and drop 1 floor!
   201 | D:1      | Reached skill level 4 in Conjurations
   265 | D:1      | Reached XP level 2. HP: 20/20 MP: 1/7
   599 | D:1      | Learned a level 2 spell: Searing Ray
  1907 | D:2      | Reached XP level 3. HP: 26/26 MP: 6/8
  2678 | D:2      | Reached skill level 5 in Conjurations
  2678 | D:2      | Reached XP level 4. HP: 33/33 MP: 2/10
  4136 | D:3      | Reached XP level 5. HP: 38/38 MP: 6/12
  4992 | D:4      | Reached skill level 6 in Conjurations
  4997 | D:4      | Reached XP level 6. HP: 37/45 MP: 5/13
  5063 | D:4      | Learned a level 4 spell: Iskenderun's Mystic Blast
  5068 | D:4      | Learned a level 4 spell: Fulminant Prism
  5707 | D:4      | Reached skill level 1 in Hexes
  5773 | D:4      | Reached skill level 1 in Translocations
  6309 | D:4      | Found a staircase to the Ecumenical Temple.
  6520 | D:5      | Entered Level 5 of the Dungeon
  6596 | D:5      | Identified a scroll of acquirement
  6596 | D:5      | Acquired a book of the Spheres
  6612 | D:5      | Found a sand-covered staircase.
  6617 | Ossuary  | Entered an ossuary
  7323 | D:5      | Reached skill level 1 in Fighting
  7323 | D:5      | Reached XP level 7. HP: 52/52 MP: 6/15
  8158 | D:5      | Found a runed translucent gate.
  8158 | D:5      | Found a runed translucent gate.
  8158 | D:5      | Found a runed translucent gate.
  8158 | D:5      | Noticed Ninjinzu's ghost (novice DsAK)
  8451 | D:6      | Noticed Blork the orc
  8465 | D:6      | Killed Blork the orc
  8979 | D:6      | Reached XP level 8. HP: 61/61 MP: 13/17
  9302 | D:6      | Noticed Menkaure
  9308 | D:6      | Killed Menkaure
 10158 | D:6      | Found Zoesausu's Book Shoppe.
 10579 | D:7      | Slain by a killer bee

Illustrated notes

Levels and vault maps discovered:
D:1:      scummos_arrival_hexagon, layout_basic,
          hellmonk_ecumenical_altar_pennies_from_heaven, minivault_25,
          hangedman_abyss_or_decor_stabs
D:2:      kennysheep_the_goblin_king, layout_loops_ring
D:3:      layout_basic
D:4:      layout_basic, lemuel_temple_firewalk_b
D:5:      layout_rooms, nicolae_yredelemnul_ghost_church, enter_ossuary_5
D:6:      layout_cave_pools, serial_shops, shop, uniq_menkaure,
          uniq_blork_the_orc
D:7:      layout_cave_pools, mainiacjoe_overflow_alcove_3, minmay_between

Skill      XL: |  1  2  3  4  5  6  7  8 |
---------------+-------------------------+-----
Conjurations   | 4 5 6 |  6.9
Spellcasting   | 2 3 4 |  4.4
Hexes          | 1 3 4 |  4.4
Dodging        | 2 3 |  3.5
Translocations | 1 3 4 |  4.3
Fighting       | 1 2 |  2.8
Stealth        | |  1.7

Action                   |  1- 3 |  4- 6 |  7- 9 || total
-------------------------+-------+-------+-------++-------
Melee: Whip              |    19 |       |    12 ||    31
 Cast: Magic Dart        |    84 |   171 |    80 ||   335
       Searing Ray       |     1 |     9 |    16 ||    26
       Iskenderun's Myst |       |       |     7 ||     7
Evoke: Wand              |       |       |     1 ||     1
  Use: Scroll            |       |     9 |     2 ||    11
       Potion            |       |       |     2 ||     2
Armor: Robe              |    12 |     5 |    36 ||    53
Dodge: Dodged            |    25 |    21 |    83 ||   129
